 Dungeon Crawl Stone Soup version 0.31-a0-177-g4aa6249778 (webtiles) character file.

Game seed: 17969938606310851472

256 qw the Chopper (level 6, -17/39 HPs)
             Began as a Gargoyle Fighter on June 18, 2023.
             Demolished by an ogre
             ... wielding a +0 giant club
              (29 damage)
             ... on level 4 of the Dungeon.
             The game lasted 00:01:20 (2819 turns).

qw the Chopper (Gargoyle Fighter)                   Turns: 2819, Time: 00:01:20

Health: -17/39     AC: 15    Str: 22    XL:     6   Next: 16%
Magic:  6/6        EV:  6    Int:  8    God:
Gold:   209        SH:  4    Dex:  9    Spells: 5/5 levels left

rFire   + . .        Y - +0 war axe
rCold   . . .        c - +0 buckler
rNeg    + . .        l - +0 plate armour
rPois   inf          (no helmet)
rElec   +            (no cloak)
rCorr   .            (no gloves)
SInv    .            (no boots)
Will    .....        (no amulet) Stlth
                     f - ring of protection from fire
HPRegen 0.26/turn    (no ring)
MPRegen 0.10/turn

%: no passive effects
@: no status effects
A: sickness immunity, AC +4, negative energy resistance 1, electricity
resistance, torment resistance 1, petrification resistance
a: no special abilities


You were on level 4 of the Dungeon.
You visited 1 branch of the dungeon, and saw 4 of its levels.

You collected 209 gold pieces.


Innate Abilities, Weirdness & Mutations

You are immune to sickness and miasma.
Your stone body is resilient. (AC +4)
You are immune to poison.
You resist negative energy. (rN+)
You are resistant to electric shocks. (rElec)
You are resistant to unholy torment.
You are immune to petrification.


   Skills:
 - Level 4.6 Fighting
 + Level 5.0 Axes
 - Level 3.2 Armour
 - Level 3.2 Shields


You had 5 spell levels left.
You didn't know any spells.
Your spell library was empty.

Inventory:

Hand Weapons
 n - a +0 mace
 Y - a +0 war axe (weapon)
Armour
 c - a +0 buckler (worn)
 l - a +0 plate armour (worn)
Jewellery
 f - a ring of protection from fire (left hand)
Wands
 b - a wand of digging (5)
Scrolls
 p - a scroll of butterflies {unknown}
 r - a scroll of silence {unknown}
Potions
 a - a potion of degeneration {unknown}
 d - a potion of might
 e - 3 potions of curing
 g - a potion of heal wounds
 h - 2 potions of lignification
 i - a potion of brilliance {unknown}
 j - a potion of berserk rage {unknown}
 k - a potion of attraction {unknown}
 m - a potion of cancellation {unknown}
 o - a potion of enlightenment {unknown}
 q - a potion of mutation {unknown}

Dungeon Overview and Level Annotations

Branches:
Dungeon (4/15)
 Temple: D:4-7

Altars:


Message History

You start waiting.
Done waiting.
Things that are here:
a +0 dagger; 2 stones; a kobold corpse An ogre comes into view.
It is wielding a +0 giant club.
The ogre shouts!
Enter note:
Enter note:
Enter note:
Enter note:
Enter note:
Enter note:
Enter note:
Enter note:
Enter note:
Enter note:
Enter note:
Enter note:
Enter note:
Enter note:
Enter note:
Enter note:
Enter note:
Enter note: You closely miss the ogre.
The ogre barely misses you.
You hit the ogre.
The ogre is lightly wounded.
The ogre hits you with a +0 giant club!!
You hit the ogre.
The ogre is lightly wounded.
You block the ogre's attack.
You hit the ogre.
The ogre is moderately wounded.
The ogre hits you with a +0 giant club!
You slash the ogre!
The ogre is almost dead.
The ogre hits you with a +0 giant club!!
Ouch! That really hurt!
You die...

# ########### # #.......... #
#..>....... # +.......... #
#..@O...... # #..############
## ########.)########...#####.
#....#.....#..........#..#.
#....#.....#..........'..#.
#....#.....#..........#..#.
#....#.....#..........#..#.
######.###....##..#####'######.
#......###)...###%###..........


You could see an ogre.

Vanquished Creatures
  A black bear (D:4)
  A scorpion (D:4)
  A sleepcap (D:4)
  2 adders
  A white imp (D:3)
  A worm (D:3)
  2 dart slugs
  3 bats
  An endoplasm (D:1)
  2 giant cockroaches
  6 hobgoblins
  5 jackals
  2 quokkas
  7 ball pythons
  2 frilled lizards
  4 goblins
  10 kobolds
  A rat (D:1)
52 creatures vanquished.

Notes
Turn   | Place    | Note
-------+----------+-------------------------------------------
     0 | D:1      | qw the Gargoyle Fighter began the quest for the Orb.
     0 | D:1      | Reached XP level 1. HP: 14/14 MP: 1/1
     0 | D:1      | 0 ||| qw: Version: 0.3-a-5-g6f28e65
     0 | D:1      | 0 ||| qw: Game counter: 597
     0 | D:1      | 0 ||| qw: Always use a shield: true
     0 | D:1      | 0 ||| qw: God list: Okawaru
     0 | D:1      | 0 ||| qw: Allow faded altars: false
     0 | D:1      | 0 ||| qw: Do Orc after D:15 true
     0 | D:1      | 0 ||| qw: Do second Lair branch before Depths: true
     0 | D:1      | 0 ||| qw: Lair rune preference: random
     0 | D:1      | 0 ||| qw: Plans: Normal, Zot:1-4, Slime:5, God:TSO, Crypt,
                  | Tomb, Abyss, Pan, Hells, Win
     0 | D:1      | 0 ||| PLANNING D:1-11
   149 | D:1      | Reached skill level 2 in Axes
   157 | D:1      | 157 ||| Stepping ~*~*~tactically~*~*~ (hiding).
   248 | D:1      | Reached XP level 2. HP: 18/19 MP: 2/2
   553 | D:1      | 553 ||| UPGRADING to ring of protection from fire.
   554 | D:1      | 554 ||| READING scroll labelled DAILLEUKAE.
   555 | D:1      | 555 ||| DRINKING 4 fuming black potions.
   556 | D:1      | 556 ||| DRINKING 3 green potions.
   819 | D:2      | Reached skill level 3 in Axes
   852 | D:2      | Reached XP level 3. HP: 23/23 MP: 3/3
  1014 | D:2      | 1014 ||| DROPPING +0 club.
  1257 | D:2      | 1257 ||| UPGRADING to +0 plate armour.
  1267 | D:2      | 1267 ||| DROPPING +0 scale mail.
  1268 | D:2      | 1268 ||| READING scroll labelled WAEHEWKUO TYGO.
  1269 | D:2      | 1269 ||| READING scroll labelled OCHYSI OGOWIHA.
  1270 | D:2      | 1270 ||| DRINKING 2 red potions.
  1271 | D:2      | 1271 ||| DRINKING 3 potions of curing.
  1271 | D:2      | 1271 ||| (to cure confusion)
  1272 | D:2      | 1272 ||| DRINKING 2 viscous orange potions.
  1273 | D:2      | 1273 ||| DROPPING potion of ambrosia.
  1369 | D:3      | 1369 ||| FLEEEEING.
  1485 | D:3      | Identified the +2 leather armour "Jyjamuob" {Will+}
  1511 | D:3      | 1511 ||| Stepping ~*~*~tactically~*~*~ (hiding).
  1513 | D:3      | 1513 ||| Stepping ~*~*~tactically~*~*~ (hiding).
  1515 | D:3      | 1515 ||| Stepping ~*~*~tactically~*~*~ (hiding).
  1553 | D:3      | 1553 ||| Stepping ~*~*~tactically~*~*~ (hiding).
  1681 | D:3      | Reached XP level 4. HP: 28/28 MP: 4/4
  1980 | D:3      | 1980 ||| READING scroll labelled ADAUDILAMU.
  2068 | D:4      | Reached skill level 4 in Axes
  2078 | D:4      | Noticed a scorpion
  2089 | D:4      | Killed a scorpion
  2090 | D:4      | Reached XP level 5. HP: 27/32 MP: 5/5
  2575 | D:4      | Reached skill level 5 in Axes
  2584 | D:4      | Noticed a black bear
  2596 | D:4      | Killed a black bear
  2597 | D:4      | Reached XP level 6. HP: 27/39 MP: 6/6
  2694 | D:4      | 2694 ||| Stepping ~*~*~tactically~*~*~ (hiding).
  2695 | D:4      | 2695 ||| Stepping ~*~*~tactically~*~*~ (hiding).
  2697 | D:4      | 2697 ||| Stepping ~*~*~tactically~*~*~ (hiding).
  2698 | D:4      | 2698 ||| Stepping ~*~*~tactically~*~*~ (hiding).
  2819 | D:4      | Demolished by an ogre

Levels and vault maps discovered:
D:1:      matt_arrival_spirals, layout_rooms, roderic_st_hans_cross
D:2:      layout_basic
D:3:      layout_loops_cross
D:4:      layout_gridville

Skill      XL: |  1  2  3  4  5 |
---------------+----------------+-----
Axes           | 2 3 4 5 |  5.0
Fighting       | 4 |  4.6
Armour         | |  3.2
Shields        | |  3.2

Action                     |  1- 3 |  4- 6 || total
---------------------------+-------+-------++-------
  Melee: War axe           |   113 |    70 ||   183
    Use: Potion            |     5 |       ||     5
         Scroll            |     3 |     1 ||     4
 Armour: Scale mail        |    38 |       ||    38
         Plate armour      |    27 |    50 ||    77
  Dodge: Dodged            |    43 |    21 ||    64
  Block: Buckler           |    19 |    10 ||    29

Table legend:
 A = Non-vault XP
 B = Vault XP
 C = Vault XP percentage of total XP
 D = Non-vault monster count
 E = Vault monster count
 F = Vault count percentage of total count
                 A         B        C        D         E       F
            +---------+---------+-------+---------+---------+-------
      Total |     367 |       0 |   0.0 |      52 |       0 |   0.0
            +---------+---------+-------+---------+---------+-------
        D:1 |      23 |       0 |   0.0 |      14 |       0 |   0.0
        D:2 |      20 |       0 |   0.0 |      11 |       0 |   0.0
        D:3 |      51 |       0 |   0.0 |      15 |       0 |   0.0
        D:4 |     273 |       0 |   0.0 |      12 |       0 |   0.0
            +---------+---------+-------+---------+---------+-------
